 Dungeon Crawl Stone Soup version 0.13-a0-2355-g3ca5c6e (webtiles) character file.

2250 Bruce the Grappler (level 9, -3/85 HPs)
             Began as a Troll Chaos Knight on July 12, 2013.
             Was a Plaything of Xom.
             Slain by a sixfirhy (8 damage)
             ... summoned by Xom
             ... on Level 6 of the Dungeon.
             The game lasted 00:10:09 (2725 turns).

Bruce the Grappler (Troll Chaos Knight)             Turns: 2725, Time: 00:10:09

HP  -3/85        AC  8     Str 28      XL: 9   Next:  9%
MP   4/4         EV 14     Int  8      God: Xom
Gold 113         SH  0     Dex 11      Spells:  0 memorised,  8 levels left

Res.Fire  : . . .   See Invis. : .     - Unarmed
Res.Cold  : . . .   Warding    : .   b - +2 robe
Life Prot.: . . .   Conserve   : .   (shield restricted)
Res.Poison: .       Res.Corr.  : .   (helmet restricted)
Res.Elec. : .       Clarity    : .   E - +0 cloak
Sust.Abil.: . .     Spirit.Shd : .   (gloves unavailable)
Res.Mut.  : .       Stasis     : .   (boots unavailable)
Res.Rott. : .       Flight     : .   (no amulet)
Gourmand  : +                        (no ring)
                                     j - +3 ring of evasion

@: mighty, slightly resistant to hostile enchantments, unstealthy
A: unfitting armour, claws 3, fast metabolism 3, gourmand, regeneration 2,
saprovore 2, tough skin 2, AC +1
a: Renounce Religion


You were on level 6 of the Dungeon.
You worshipped Xom.
You were a very special plaything of Xom.
You were full.

You visited 2 branches of the dungeon, and saw 8 of its levels.

You collected 265 gold pieces.
You spent 172 gold pieces at shops.

Inventory:

Hand weapons
 s - a +2 blowgun
 G - a +2,+1 whip of flaming
Armour
 b - a +2 robe (worn)
 h - a +0 cloak
 k - a +0 cloak
 q - a +0 orcish cloak
 E - a +0 cloak (worn)
Magical devices
 m - a wand of paralysis (18) {unknown}
 F - a wand of disintegration (2)
Comestibles
 a - 3 meat rations
 w - 11 grapes
 C - a bread ration
Scrolls
 c - a scroll of fear
 i - 2 scrolls of teleportation {unknown}
 n - a scroll of enchant weapon II
 o - 2 scrolls of identify {unknown}
 r - a scroll of enchant armour {unknown}
 u - a scroll of amnesia {unknown}
 v - a scroll of magic mapping {unknown}
 x - a scroll of remove curse {unknown}
 y - a scroll of blinking {unknown}
 D - a scroll of noise {unknown}
 H - a scroll of curse weapon {unknown}
Jewellery
 j - a +3 ring of evasion (left claw)
Potions
 d - a potion of brilliance {unknown}
 e - a potion of cure mutation {unknown}
 g - a potion of paralysis {unknown}
 l - a potion of slowing {unknown}
 p - 3 potions of curing
 A - a potion of confusion
 B - a potion of agility {unknown}


   Skills:
 + Level 5.6 Fighting
 + Level 5.2 Dodging
 * Level 9.1 Unarmed Combat


You had 8 spell levels left.
You didn't know any spells.

Dungeon Overview and Level Annotations

Branches:
Dungeon (7/27)             Temple (1/1) D:6
    Orc: D:6-11

Altars:
Ashenzari
Elyvilon
Fedhas
Kikubaaqudgha
Makhleb
Nemelex Xobeh
Okawaru
Sif Muna
Trog
Vehumet
Yredelemnul
the Shining One

Shops:
D:6: ! D:7: *

Annotations
D:5 Dowan


Innate Abilities, Weirdness & Mutations

You are too large for most types of armour.
You have claws for hands.
Your metabolism is lightning-fast.
You like to eat raw meat.
You heal very quickly.
You can eat rotten meat.
You are covered in fur (AC +1).
You have very tough skin (AC +2).


Message History

You assume a fearsome visage.
The killer bee looks frightened!
The sixfirhy is unaffected.
Unknown command.
Read which item? (? for menu, Esc to quit)
Okay, then.
Drink which item? (? for menu, Esc to quit)
You feel better.
The sixfirhy hits you but does no damage.
The sixfirhy barely misses you. The sixfirhy misses you.
Unknown command.
Read which item? (? for menu, Esc to quit)
Okay, then.
Drink which item? (? for menu, Esc to quit)
You feel very mighty all of a sudden. The sixfirhy completely misses you.
The sixfirhy hits you!
* * * LOW HITPOINT WARNING * * *
The sixfirhy shocks you!
* * * LOW HITPOINT WARNING * * *
The sixfirhy hits you!
You die...

#...........### ...##
##............##....#*
#...................#
##............#.##.#*
##.#..........#...# *
#.............##.##
##.#............##
##..............#
##.....@>...k..##
##......4........#
#...............##
##..............#
#............#>##
##...........#.#* ###
##...............# ##.##
#
#...............####...#
##
##...............##.#.##


You could see a sixfirhy and a killer bee (fleeing).

Vanquished Creatures
  Pikel (D:7)
  The ghost of Poody the Geomancer, an experienced GrEE of Vehumet (D:7)
  A troll (D:7)
  A sky beast (D:5)
  A phantom (D:4)
  2 ogres
  Duvessa (D:5)
  A goliath beetle (D:6)
  2 crimson imps
  A gnoll shaman (D:5)
  2 hounds
  A giant frog zombie (D:5)
  An iguana (D:5)
  An orc wizard (D:6)
  4 worker ants
  A scorpion (D:6)
  4 jellies (D:6)
  A hound zombie (D:6)
  3 gnolls (D:5)
  3 adders
  A giant mite (D:7)
  2 worms
  An adder skeleton (D:4)
  A giant eyeball (D:6)
  2 giant geckos
  An ooze (D:3)
  6 orcs
  A ball python (D:2)
  2 giant cockroaches
  7 hobgoblins
  3 jackals (D:1)
  5 kobolds
  A quokka (D:6)
  8 bats
  4 giant newts
  5 goblins
  4 rats
87 creatures vanquished.

Vanquished Creatures (collateral kills)
  An ice beast (D:6)
  An orc warrior (D:6)
  2 orcs (D:6)
4 creatures vanquished.

Vanquished Creatures (others)
  A quasit (D:6)
  An ufetubus (D:6)
  A bat (D:6)
  A rat (D:7)
  A plant (D:5)
5 creatures vanquished.

Grand Total: 96 creatures vanquished

Notes
Turn   | Place    | Note
--------------------------------------------------------------
     0 | D:1      | Bruce, the Troll Chaos Knight, began the quest for the Orb.
     0 | D:1      | Reached XP level 1. HP: 20/20 MP: 1/1
   112 | D:2      | Reached XP level 2. HP: 23/28 MP: 1/1
   185 | D:2      | XOM: harmless Trmt miscast
   362 | D:3      | Reached XP level 3. HP: 27/36 MP: 2/2
   611 | D:4      | Noticed a phantom
   611 | D:4      | XOM: divination: detect creatures
   612 | D:4      | Noticed an ogre
   612 | D:4      | XOM: enchant monster (bad)
   618 | D:4      | Reached skill level 4 in Unarmed Combat
   618 | D:4      | Reached XP level 4. HP: 42/44 MP: 2/2
   633 | D:4      | XOM: divination: detect creatures
   656 | D:4      | Killed an ogre
   656 | D:4      | Reached XP level 5. HP: 44/52 MP: 2/2
   671 | D:4      | Killed a phantom
   671 | D:4      | Reached skill level 5 in Unarmed Combat
   748 | D:4      | Found a burning altar of Makhleb.
   748 | D:4      | Noticed a balrug
   798 | D:5      | Entered Level 5 of the Dungeon
   826 | D:5      | XOM: cast spell 'Necromutation'
   834 | D:5      | Reached XP level 6. HP: 59/59 MP: 3/3
   840 | D:5      | Noticed Dowan
   841 | D:5      | Noticed Duvessa
   847 | D:5      | XOM: mild Tloc miscast
   848 | D:5      | Noticed a spatial vortex
   858 | D:5      | Killed Duvessa
   883 | D:5      | XOM is BORED!
   883 | D:5      | XOM: mild Erth miscast
   912 | D:5      | XOM: god gift: meat ration
   999 | D:5      | XOM: cast spell 'Summon Butterflies'
  1023 | D:5      | XOM: harmless Necr miscast
  1060 | D:5      | Noticed a sky beast
  1073 | D:5      | Killed a sky beast
  1105 | D:5      | Found a white marble altar of Elyvilon.
  1109 | D:5      | Found a deep blue altar of Sif Muna.
  1109 | D:5      | Found a basalt altar of Yredelemnul.
  1160 | D:5      | Noticed an ogre
  1172 | D:5      | XOM: cast spell 'Stoneskin'
  1174 | D:5      | XOM: enchant monster (good)
  1176 | D:5      | Killed an ogre
  1176 | D:5      | Reached skill level 6 in Unarmed Combat
  1176 | D:5      | Reached XP level 7. HP: 34/67 MP: 3/3
  1238 | D:5      | XOM: divination: detect items
  1436 | D:5      | XOM: repel stairs
  1465 | D:6      | Found Mucach's Distillery.
  1474 | D:6      | XOM: inner flame monster(s)
  1496 | D:6      | Found a shattered altar of Ashenzari.
  1675 | D:6      | XOM: mild Erth miscast
  1683 | D:6      | Bought a potion of might for 37 gold pieces
  1683 | D:6      | Bought a potion of heal wounds for 45 gold pieces
  1683 | D:6      | Bought a potion of confusion for 15 gold pieces
  1683 | D:6      | Bought a potion of heal wounds for 45 gold pieces
  1683 | D:6      | Bought a potion of curing for 30 gold pieces
  1702 | D:6      | XOM: divination: magic mapping
  1732 | D:6      | Found a bloodstained altar of Trog.
  1816 | D:6      | XOM: cast spell 'Shadow Creatures'
  1844 | D:6      | XOM: summons 2 friendly demons
  1856 | D:6      | XOM: divination: magic mapping
  1862 | D:6      | XOM: cast spell 'Summon Ugly Thing'
  1868 | D:6      | Reached skill level 7 in Unarmed Combat
  1870 | D:6      | Reached XP level 8. HP: 76/76 MP: 3/3
  1877 | D:6      | Found a staircase to the Ecumenical Temple.
  1887 | Temple   | Entered the Ecumenical Temple
  2378 | D:7      | Found Olyewoetz's General Store.
  2384 | D:7      | XOM: 10-stop teleportation journey
  2423 | D:7      | Noticed a troll
  2432 | D:7      | Killed a troll
  2432 | D:7      | Reached skill level 5 in Fighting
  2476 | D:7      | Noticed Poody's ghost (experienced GrEE)
  2494 | D:7      | XOM: enchant monster (good)
  2514 | D:7      | Killed Poody's ghost
  2514 | D:7      | Reached skill level 8 in Unarmed Combat
  2538 | D:7      | Noticed Pikel
  2542 | D:7      | XOM: god gift: scroll labeled ZOLACKEHEA
  2575 | D:7      | XOM: summons friendly crimson imp
  2576 | D:7      | XOM: harmless Hex miscast
  2585 | D:7      | Killed Pikel
  2585 | D:7      | Reached skill level 5 in Dodging
  2585 | D:7      | Reached skill level 9 in Unarmed Combat
  2585 | D:7      | Reached XP level 9. HP: 43/85 MP: 4/4
  2589 | D:7      | XOM: 1-stop teleportation journey
  2705 | D:7      | XOM: summons 2 hostile demons
  2706 | D:7      | Noticed a sixfirhy
  2711 | D:7      | XOM: noise
  2725 | D:6      | Slain by a sixfirhy

Action                   |  1- 3 |  4- 6 |  7- 9 || total
-------------------------+-------+-------+-------++-------
Melee: Unarmed           |    84 |    64 |   139 ||   287
Evoke: Wand              |       |       |     3 ||     3
  Use: Potion            |       |       |     5 ||     5
       Scroll            |       |       |     4 ||     4
 Stab: Petrifying        |       |     1 |       ||     1
